 Dungeon Crawl Stone Soup version 0.23-a0-151-gf6d1ed2 (webtiles) character file.

1892 Amnesiac the Chiller (level 8, -9/52 HPs)
             Began as a Mummy Ice Elementalist on Sept 8, 2018.
             Was a Believer of Vehumet.
             Mangled by Joseph
             ... wielding a +0 quarterstaff
              (15 damage)
             ... on level 7 of the Dungeon.
             The game lasted 00:15:55 (10077 turns).

Amnesiac the Chiller (Mummy Ice Elementalist)      Turns: 10077, Time: 00:15:56

Health: -9/52      AC:  8    Str: 12    XL:     8   Next: 93%
Magic:  1/17       EV: 11    Int: 16    God:    Vehumet [**....]
Gold:   473        SH:  3    Dex: 12    Spells: 7/19 levels left

rFire    x . .     SeeInvis +   a - +2 dagger (drain)
rCold    + + .     Gourm    .   f - +0 buckler
rNeg     + + +     Faith    .   m - +2 robe {MR+}
rPois    ∞         Spirit   .   h - +0 helmet
rElec    .         Reflect  .   g - +0 cloak
rCorr    .         Harm     .   d - +1 pair of gloves
MR       ++...                  (no boots)
Stlth    ++........             (no amulet)
HPRegen  0.17/turn              c - ring of protection from cold
MPRegen  0.15/turn              k - ring of see invisible

@: very slightly contaminated
A: no food or potions, fire vulnerability, cold resistance 1, negative energy
resistance 3, torment resistance, unbreathing
a: Renounce Religion


You were on level 7 of the Dungeon.
You worshipped Vehumet.
Vehumet was pleased with you.
You were not hungry.

You visited 2 branches of the dungeon, and saw 8 of its levels.

You collected 473 gold pieces.

Inventory:

Hand Weapons
 a - a +2 dagger of draining (weapon)
 b - a +0 spear
Armour
 d - a +1 pair of gloves (worn)
 f - a +0 buckler (worn)
 g - a +0 cloak (worn)
 h - a +0 helmet (worn)
 m - a +2 robe of magic resistance (worn)
 p - a +0 shield
 q - a +0 robe of resistance
Jewellery
 c - a ring of protection from cold (left hand)
 k - a ring of see invisible (right hand)
 o - a +4 ring of evasion {unknown}
 r - an uncursed ring of stealth {unknown}
Wands
 s - a wand of disintegration (11)
Scrolls
 e - 4 scrolls of teleportation {!r}
 i - 5 scrolls of remove curse {!r}
 j - a scroll of amnesia {!r}
 l - 3 scrolls of magic mapping {!r}
 n - a scroll of immolation {!r}
 t - a scroll of fog {!r}
 u - a scroll of enchant armour {!r}
 v - a scroll of enchant weapon {!r, unknown}


   Skills:
 - Level 1.5 Dodging
 - Level 1.5 Stealth
 + Level 6.4 Spellcasting
 * Level 6.4 Conjurations
 * Level 6.5 Ice Magic


You had 7 spell levels left.
You knew the following spells:

 Your Spells              Type           Power        Failure   Level  Hunger
a - Freeze                Ice            ####         1%          1    N/A
b - Summon Ice Beast      Ice/Summ       ###.....     50%         4    N/A
d - Throw Icicle          Conj/Ice       ####....     16%         4    N/A
z - Ozocubu's Armour      Chrm/Ice       ###.....     17%         3    N/A

Your spell library contained the following spells:

 Spells                   Type           Power        Failure   Level  Hunger
 Dazzling Spray           Conj/Hex       ###...       19%         3    N/A
 Throw Frost              Conj/Ice       ####..       2%          2    N/A

Dungeon Overview and Level Annotations

Branches:
Dungeon (7/15)             Temple (1/1) D:5

Altars:
Ashenzari
Cheibriados
Elyvilon
Qazlal
Sif Muna
Trog
Uskayaw
Vehumet
Xom
Yredelemnul
The Shining One

Annotations:
D:3 Grinder
D:7 Joseph


Innate Abilities, Weirdness & Mutations

You do not eat or drink.
Your flesh is vulnerable to fire.
You are immune to poison.
Your flesh is cold resistant. (rC+)
You are immune to negative energy. (rN+++)
You are immune to unholy pain and torment.
You can survive without breathing.


Message History

You start resting.
Magic restored.
You start resting.
HP restored.
Found a stone staircase leading down.
e - 4 scrolls of teleportation {!r} (gained 1)
You now have 473 gold pieces (gained 12).
There is a stone staircase leading down here.
Joseph, a Mercenary comes into view.
He is wielding a quarterstaff.
Joseph shouts!
You hear a shout!
Joseph is nearby!
You start waiting.
Joseph is too close now for your liking.
Evoke which item? (* to show all) (? for menu, Esc to quit)
Okay, then.
Joseph hits you with a quarterstaff!
Casting: Throw Icicle (slightly dangerous; 16% risk of failure)
Confirm with . or Enter, or press ? or * to list all spells.
Aiming: Throw Icicle (slightly dangerous; 16% risk of failure)
Press: ? - help, Shift-Dir - straight line, f - Joseph
Aim: Joseph, wielding a quarterstaff and wearing a leather armour The shard of ice hits Joseph.
Joseph is lightly wounded.
Joseph closely misses you.
Casting: Throw Icicle (slightly dangerous; 16% risk of failure)
Confirm with . or Enter, or press ? or * to list all spells.
Aiming: Throw Icicle (slightly dangerous; 16% risk of failure)
Press: ? - help, Shift-Dir - straight line, f/p - Joseph
Aim: Joseph, wielding a quarterstaff and wearing a leather armour (lightly The shard of ice hits Joseph.
Joseph is heavily wounded.
Joseph hits you with a quarterstaff!
Casting: Throw Icicle (slightly dangerous; 16% risk of failure)
Confirm with . or Enter, or press ? or * to list all spells.
Aiming: Throw Icicle (slightly dangerous; 16% risk of failure)
Press: ? - help, Shift-Dir - straight line, f/p - Joseph
Aim: Joseph, wielding a quarterstaff and wearing a leather armour (heavily You miscast Throw Icicle.
You are very lightly contaminated with residual magic.
Frost covers your body. Joseph hits you with a quarterstaff!
Casting: Throw Icicle (slightly dangerous; 16% risk of failure)
Confirm with . or Enter, or press ? or * to list all spells.
Aiming: Throw Icicle (slightly dangerous; 16% risk of failure)
Press: ? - help, Shift-Dir - straight line, f/p - Joseph
Aim: Joseph, wielding a quarterstaff and wearing a leather armour (heavily The shard of ice hits Joseph.
Joseph is severely wounded.
Joseph hits you with a quarterstaff!
* * * LOW HITPOINT WARNING * * *
Casting: Throw Icicle (slightly dangerous; 16% risk of failure)
Confirm with . or Enter, or press ? or * to list all spells.
You don't have enough magic to cast that spell.
Evoke which item? (* to show all) (? for menu, Esc to quit)
Aiming: Disintegrate
Press: ? - help, Shift-Dir - straight line, f/p - Joseph
Aim: Joseph, wielding a quarterstaff and wearing a leather armour (severely Joseph resists with some effort.
Joseph hits you with a quarterstaff!
* * * LOW HITPOINT WARNING * * *
Evoke which item? (* to show all) (? for menu, Esc to quit)
Aiming: Disintegrate
Press: ? - help, Shift-Dir - straight line, f/p - Joseph
Aim: Joseph, wielding a quarterstaff and wearing a leather armour (severely Joseph is blasted.
Joseph hits you with a quarterstaff!
You die...

#............#.#
#.####.#####.#.# #.#
#.# #.#.# ##.####.#
#.#.## .....##.# #....#
.....##.#####....#
.....##.#........#
##..>...#.####...#
########.......@#
#....#..##.#.#@......
#.####.#..####.#.####..
#..............#.#
#######..#........#
......#..##########
#####.#........
###.>.####### #<....#


You could see Joseph.

Vanquished Creatures
  Prince Ribbit (D:6)
  Sigmund (D:3)
  Eustachio (D:3)
  Menkaure (D:7)
  An orc warrior (D:6)
  A phantom (D:5)
  A sky beast (D:5)
  An ogre (D:6)
  A scorpion (D:7)
  5 wights
  2 howler monkeys
  A bullfrog zombie (D:6)
  A centaur zombie (D:3)
  A hound (D:6)
  A jelly (D:5)
  An orc priest (D:4)
  Jessica (D:3)
  3 orc wizards (D:6)
  4 worker ants
  Robin (D:2)
  3 gnolls (D:2)
  3 adders
  A shadow imp (D:3)
  2 adder skeletons
  2 adder zombies (D:6)
  3 worms (D:3)
  3 dart slugs
  3 leopard geckos
  10 orcs
  2 bat zombies (D:2)
  2 giant cockroaches
  13 goblins
  13 hobgoblins
  2 jackals (D:6)
  8 quokkas
  9 bats
  2 frilled lizards
  A jackal skeleton (D:2)
  7 kobolds
  A quokka skeleton (D:4)
  A quokka zombie (D:2)
  27 rats
148 creatures vanquished.

Vanquished Creatures (others)
  A jackal (D:6)
  A plant (D:2)
2 creatures vanquished.

Grand Total: 150 creatures vanquished

Notes
Turn   | Place    | Note
-------+----------+-------------------------------------------
     0 | D:1      | Amnesiac the Mummy Ice Elementalist began the quest for the
                  | Orb.
     0 | D:1      | Reached XP level 1. HP: 13/13 MP: 4/4
   400 | D:2      | Reached XP level 2. HP: 14/19 MP: 3/5
   881 | D:3      | Reached XP level 3. HP: 22/24 MP: 3/7
   886 | D:3      | Learned a level 3 spell: Ozocubu's Armour
   939 | D:3      | Noticed Jessica
   948 | D:3      | Killed Jessica
   977 | D:3      | Found a bloodstained altar of Trog.
  1351 | D:3      | Noticed Sigmund
  1459 | D:4      | Noticed Eustachio
  1986 | D:4      | Reached XP level 4. HP: 30/30 MP: 5/9
  2107 | D:4      | Got a heavy robe
  2118 | D:4      | Identified the cursed +0 robe "Zameps" {rN++ Dex+3} (You
                  | found it on level 4 of the Dungeon)
  2391 | D:4      | Learned a level 4 spell: Throw Icicle
  2568 | D:4      | Reached XP level 5. HP: 28/35 MP: 8/11
  2574 | D:4      | Learned a level 4 spell: Summon Ice Beast
  2602 | D:5      | Entered Level 5 of the Dungeon
  2657 | D:5      | Found a radiant altar of Vehumet.
  2690 | D:5      | Found a staircase to the Ecumenical Temple.
  2729 | D:5      | Became a worshipper of Vehumet
  3168 | D:4      | Reached * piety under Vehumet
  3168 | D:4      | Offered knowledge of Sting by Vehumet.
  3840 | D:2      | Found a stormy altar of Qazlal.
  3842 | D:2      | Found an ancient bone altar of Kikubaaqudgha.
  3842 | D:2      | Found a snail-covered altar of Cheibriados.
  3844 | D:2      | Found a shimmering altar of Xom.
  3844 | D:2      | Found a hide-covered altar of Uskayaw.
  3844 | D:2      | Found a basalt altar of Yredelemnul.
  3937 | D:2      | Noticed Robin
  3958 | D:2      | Reached ** piety under Vehumet
  3958 | D:2      | Offered knowledge of Sandblast by Vehumet.
  4029 | D:2      | Killed Robin
  4029 | D:2      | Reached XP level 6. HP: 31/41 MP: 7/13
  4377 | D:2      | Found a white marble altar of Elyvilon.
  4438 | D:2      | Found a deep blue altar of Sif Muna.
  4475 | D:2      | Found a faded altar of an unknown god.
  4662 | D:3      | Killed Eustachio
  4662 | D:3      | Reached skill level 5 in Spellcasting
  4662 | D:3      | Reached skill level 5 in Ice Magic
  4746 | D:3      | Noticed Grinder
  5402 | D:3      | Killed Sigmund
  5402 | D:3      | Reached XP level 7. HP: 37/46 MP: 7/16
  5996 | Temple   | Entered the Ecumenical Temple
  7241 | D:6      | Reached XP level 8. HP: 52/52 MP: 1/17
  7265 | D:6      | Offered knowledge of Dazzling Spray by Vehumet.
  8606 | D:6      | Noticed Prince Ribbit
  8618 | D:6      | Killed Prince Ribbit
  8618 | D:6      | Reached skill level 5 in Conjurations
  8781 | D:6      | Found a glowing golden altar of the Shining One.
  8806 | D:6      | Found a glowing golden altar of the Shining One.
  9875 | D:7      | Noticed Menkaure
  9889 | D:7      | Killed Menkaure
 10065 | D:7      | Noticed Joseph
 10077 | D:7      | Mangled by Joseph

Vault maps used:
D:1:      lightli_arrival_flooded_house
D:2:      wad_woods_settlement, lemuel_blue_sif_altar, doesnt_xom_only_xom,
          chequers_ecumenical_altar_grove, serial_undead, serial_undead_c,
          serial_undead_c, serial_undead_b, serial_undead_a, serial_undead_d,
          elyvilon_altar_1, uniq_robin
D:3:      bloody_trog, uniq_grinder, uniq_sigmund, uniq_jessica
D:4:      minmay_rat_hole, uniq_eustachio
D:5:      lemuel_crystal_altar, temple_statues, first_ration
D:6:      overflow_temple_1_default, nicolae_tso_carved_into_rock,
          uniq_prince_ribbit1
D:7:      uniq_menkaure, uniq_joseph
Temple:   nicolae_temple_elliptical

Skill      XL: |  1  2  3  4  5  6  7  8 |
---------------+-------------------------+-----
Spellcasting   | 3 4 6 |  6.4
Ice Magic      | 3 4 6 |  6.5
Conjurations   | 3 6 |  6.4
Dodging        | |  1.5
Stealth        | |  1.5

Action                   |  1- 3 |  4- 6 |  7- 9 || total
-------------------------+-------+-------+-------++-------
Melee: Dagger            |     7 |    87 |    18 ||   112
       Spear             |    22 |       |    78 ||   100
 Cast: Freeze            |    40 |   145 |    46 ||   231
       Throw Icicle      |       |     2 |    55 ||    57
       Ozocubu's Armour  |       |     1 |       ||     1
Evoke: Wand              |       |       |     2 ||     2
  Use: Scroll            |     1 |     8 |     2 ||    11
 Stab: Sleeping          |     1 |     4 |       ||     5
Armor: Robe              |    26 |    97 |    34 ||   157
Dodge: Dodged            |    50 |   143 |    77 ||   270
Block: Buckler           |    13 |    34 |    17 ||    64

Table legend:
 A = Non-vault XP
 B = Vault XP
 C = Vault XP percentage of total XP
 D = Non-vault monster count
 E = Vault monster count
 F = Vault count percentage of total count
                 A         B        C        D         E       F
            +---------+---------+-------+---------+---------+-------
      Total |    1669 |    1035 |  38.3 |     102 |      46 |  31.1
            +---------+---------+-------+---------+---------+-------
        D:1 |      29 |       0 |   0.0 |      18 |       0 |   0.0
        D:2 |      45 |      92 |  67.2 |      17 |      22 |  56.4
        D:3 |     104 |     465 |  81.7 |      24 |       3 |  11.1
        D:4 |     184 |      20 |   9.8 |      12 |      19 |  61.3
        D:5 |     549 |       0 |   0.0 |      13 |       0 |   0.0
        D:6 |     684 |     286 |  29.5 |      17 |       1 |   5.6
        D:7 |      74 |     172 |  69.9 |       1 |       1 |  50.0
            +---------+---------+-------+---------+---------+-------
